 Dungeon Crawl Stone Soup version 0.31-a0-627-gd65175cf8b (webtiles) character file.

Game seed: 9857420371216852549

17918 qw the Marksminotaur (level 12, -2/110 HPs)
             Began as a Minotaur Hexslinger on July 14, 2023.
             Was a Priest of Okawaru.
             Slain by a yak (11 damage)
             ... on level 3 of the Lair of Beasts on Aug 25, 2023.
             The game lasted 00:11:30 (13755 turns).

qw the Marksminotaur (Minotaur Hexslinger)         Turns: 13755, Time: 00:11:31

Health: -2/110     AC: 14    Str: 14    XL:     12   Next: 23%
Magic:  15/16      EV: 17    Int: 10    God:    Okawaru [***...]
Gold:   783        SH:  0    Dex: 17    Spells: 12/13 levels left

rFire   + + .        p - +0 orcbow
rCold   + + .        (shield currently unavailable)
rNeg    . . .        q - +0 swamp dragon scales
rPois   +            (helmet unavailable)
rElec   .            r - scarf {rC+ rF+}
rCorr   .            l - +1 pair of gloves
SInv    .            (no boots)
Will    .....        (no amulet)
Stlth   ++           h - ring of protection from cold
HPRegen 0.38/turn    a - ring of protection from fire
MPRegen 0.15/turn

%: clarity
@: lethally poisoned (-2 -> -9), about to teleport, heroic
A: horns 3, retaliatory headbutt, clarity, shaggy fur 1
a: Renounce Religion, Heroism


You were on level 3 of the Lair of Beasts.
You worshipped Okawaru.
Okawaru was most pleased with you.
You visited 3 branches of the dungeon, and saw 15 of its levels.

You collected 783 gold pieces.


Innate Abilities, Weirdness & Mutations

You have a pair of large horns on your head.
You reflexively headbutt those who attack you in melee.
You possess an exceptional clarity of mind.
You are covered in fur. (AC +1)


   Skills:
 - Level 11.0(16.0) Fighting
 - Level 16.0(21.0) Ranged Weapons
 - Level 6.0(11.0) Armour
 + Level 6.3(11.3) Dodging
 - Level 1.0 Spellcasting
 - Level 2.0 Hexes
 - Level 7.5 Invocations


You had 12 spell levels left.
You knew the following spells:

 Your Spells              Type           Power      Damage    Failure   Level
a - Slow                  Hex            16%        N/A       26%         1

Your spell library contained the following spells:

 Spells                   Type           Power      Damage    Failure   Level
 Inner Flame              Hex/Fire       2%         N/A       75%         3
 Portal Projectile        Hex/Tloc       4%         N/A       75%         3
 Cause Fear               Hex            2%         N/A       95%         4

Inventory:

Hand Weapons
 p - a +0 orcbow (weapon)
Armour
 c - the +0 ring mail "Efatab" {+Inv Regen+}
   (You found it on level 3 of the Dungeon)

   +Inv:      It lets you turn invisible.
   Regen+:    It increases your rate of health regeneration.
 d - a +1 leather armour of fire resistance
 i - a +0 cloak
 l - a +1 pair of gloves (worn)
 q - +0 swamp dragon scales (worn)
 r - a scarf of resistance (worn)
Jewellery
 a - a ring of protection from fire (right hand)
 h - a ring of protection from cold (left hand)
 s - a ring of fire
Scrolls
 m - 3 scrolls of identify
Potions
 b - 3 potions of might
 e - 2 potions of resistance
 f - 2 potions of mutation
 n - 4 potions of curing
 o - a potion of haste

Dungeon Overview and Level Annotations

Branches:
Dungeon (11/15)            Temple (1/1) D:5            Lair (3/5) D:11
 Shoals (0/4) Lair:2
  Snake: Lair:2-3    Spider: Lair:2-3       Orc: D:9-12

Altars:
Ashenzari
Cheibriados
Dithmenos
Elyvilon
Fedhas
Gozag
Hepliaklqana
Kikubaaqudgha
Makhleb
Nemelex Xobeh
Okawaru
Qazlal
Ru
Sif Muna
Trog
Uskayaw
Vehumet
Wu Jian
Xom
Yredelemnul
Zin
The Shining One

Annotations:
D:3 1 runed translucent door, Crazy Yiuf
D:6 2 transporters, qw's ghost, novice MiHs
D:10 2 transporters, qw's ghost, journeyman GrHs
Lair:1 exclusion: 4 polar bears


Message History

13755 ||| Ran move_towards_abyssal_feature: false
13755 ||| Ran move_towards_abyssal_rune: false
13755 ||| Ran explore_near_runelights: false
13755 ||| Ran abyss: false;
13755 ||| Ran stairdance_up: false
13755 ||| Ran non_melee_berserk: false
13755 ||| Ran special_purification: false
13755 ||| Ran cure_confusion: false;
13755 ||| Ran teleport: false
13755 ||| Ran cancellation: false
13755 ||| Ran remove_terrible_jewellery: false
13755 ||| Ran cure_bad_poison: false;
13755 ||| Ran blinking: false
13755 ||| Ran drain_life: false;
13755 ||| Ran heal_wounds: false
13755 ||| Ran tomb2_arrival: false;
13755 ||| Ran tomb3_arrival: false
13755 ||| Ran cloud_step: false;
13755 ||| Ran trogs_hand: false
13755 ||| Ran haste: false;
13755 ||| Ran resistance: false
13755 ||| Ran magic_points: false;
13755 ||| Ran escape_net: false
13755 ||| Ran wait_confusion: false;
13755 ||| Ran zig_fog: false
13755 ||| Ran continue_flee: false;
13755 ||| Ran continue_retreat: false
13755 ||| Ran retreat: false;
13755 ||| Ran flee_step: false
13755 ||| Ran retreat_step: false;
13755 ||| Ran wall_step: false
13755 ||| Ran water_step: false;
13755 ||| Ran coward_step: false
13755 ||| Ran other_step: false
13755 ||| Ran try_cleansing_flame: false
13755 ||| Ran brothers_in_arms: false;
13755 ||| Ran greater_servant: false
13755 ||| Ran divine_warrior: false;
13755 ||| Ran try_apocalypse: false
13755 ||| Ran try_slouch: false
13755 ||| Ran try_hydra_destruction: false
13755 ||| Ran grand_finale: false;
13755 ||| Ran fiery_armour: false
13755 ||| Ran try_dig_grate: false;
13755 ||| Ran wield_weapon: false
13755 ||| Ran swap_weapon: false;
13755 ||| Ran heroism: false
13755 ||| Ran finesse: false;
13755 ||| Ran might: false
13755 ||| Ran berserk: false;
13755 ||| Ran recall: false
13755 ||| Ran try_recall_ancestor: false
13755 ||| Ran try_recite: false;
13755 ||| Ran emergency: false
13755 ||| Ran starting_spell: false;
13755 ||| Ran poison_spit: false You shoot an arrow.
The arrow barely misses the yak. x2
The arrow hits the yak.
The yak is lightly wounded.
13755 ||| Ran launcher: true;
13755 ||| Ran attack: nil You feel sick.
The yak gores you!
You die...

#.....#...####.....
#.........###......
##....###..####..#.
####..#....###)..#
##..............
#.........##h..# ##
#...#.>...#.#..#
#.##Y..............
####.@YYY#....#.##...#
#P##.####YY...####..P.
###..[.# ##}Y...##.P...
#....#.# #.....###..:.
##......#.....Y...#.P....
#....Y...Y..........#....
#.#........Y.........P....
##..........F.......#.....
#........Y...........P...


You could see a death yak and 5 yaks.

Vanquished Creatures
  A two-headed ogre (D:10)
  Pikel (D:6)
  5 cane toads
  A torpor snail (Lair:3)
  An unseen horror (D:11)
  Maggie (D:7)
  7 komodo dragons
  A rime drake (Lair:3)
  2 polar bears
  7 blink frogs
  A snapping turtle (Lair:2)
  15 yaks
  2 wraiths
  A shadow (D:11)
  Eustachio (D:6)
  3 wyverns
  7 basilisks
  2 steam dragons
  3 vampire mosquitoes (D:10)
  An acid dragon (D:8)
  Duvessa (D:6)
  6 water moccasins
  An ice beast (D:7)
  6 orc warriors
  2 sky beasts
  An ogre (D:6)
  A black bear (D:5)
  20 wolves
  A lemure (D:6)
  3 phantoms
  A centaur (D:9)
  2 kobold brigands
  6 bullfrogs
  A scorpion (D:4)
  4 wights (D:9)
  Dowan (D:6)
  7 killer bees
  A howler monkey (D:5)
  2 electric eels
  4 hounds
  A jelly (D:8)
  3 orc priests
  A gnoll bouda (D:7)
  2 sleepcaps
  Ijyb (D:3)
  2 iguanas
  8 orc wizards
  Robin (D:4)
  6 gnolls
  7 adders
  A white imp (D:6)
  3 worms
  5 dart slugs
  38 orcs
  11 ball pythons
  4 bats
  5 endoplasms
  3 giant cockroaches (D:1)
  20 goblins
  13 hobgoblins
  9 jackals
  3 quokkas
  5 frilled lizards
  23 kobolds
  4 rats
313 creatures vanquished.

Notes
Turn   | Place    | Note
-------+----------+-------------------------------------------
     0 | D:1      | qw the Minotaur Hexslinger began the quest for the Orb.
     0 | D:1      | Reached XP level 1. HP: 16/16 MP: 1/1
     0 | D:1      | 0 ||| qw: Version: 0.3-a-52-g30416fa
     0 | D:1      | 0 ||| qw: Game counter: 7967
     0 | D:1      | 0 ||| qw: Melee chars always use a shield: true
     0 | D:1      | 0 ||| qw: God list: Okawaru
     0 | D:1      | 0 ||| qw: Allow faded altars: false
     0 | D:1      | 0 ||| qw: Do Orc after clearing Dungeon:15 true
     0 | D:1      | 0 ||| qw: Do second Lair branch before Depths: true
     0 | D:1      | 0 ||| qw: Lair rune preference: random
     0 | D:1      | 0 ||| qw: Goals: Normal
     0 | D:1      | 0 ||| PLANNING D:1-11
    76 | D:1      | 76 ||| FLEEEEING.
    77 | D:1      | 77 ||| FLEEEEING.
    79 | D:1      | 79 ||| FLEEEEING.
    80 | D:1      | 80 ||| FLEEEEING.
    81 | D:1      | 81 ||| FLEEEEING.
   115 | D:1      | Reached skill level 3 in Ranged Weapons
   125 | D:1      | Reached XP level 2. HP: 21/23 MP: 2/2
   641 | D:1      | 641 ||| UPGRADING to +0 ring mail.
   651 | D:1      | 651 ||| DROPPING +0 robe.
   652 | D:1      | 652 ||| READING scroll labelled CUIFAUJYKEWN.
   653 | D:1      | 653 ||| READING scroll labelled OSSIOK MYRIQ.
   654 | D:1      | 654 ||| READING scroll labelled WUOTAOR EPNE.
   655 | D:1      | 655 ||| READING scroll labelled FAGGIFI HESCH.
   756 | D:1      | 756 ||| DRINKING 2 emerald potions.
   757 | D:1      | 757 ||| DROPPING scroll of poison.
   791 | D:2      | Reached XP level 3. HP: 29/29 MP: 3/3
   838 | D:2      | 838 ||| FLEEEEING.
   844 | D:2      | 844 ||| FLEEEEING.
   845 | D:2      | 845 ||| FLEEEEING.
   846 | D:2      | 846 ||| FLEEEEING.
   847 | D:2      | 847 ||| FLEEEEING.
   848 | D:2      | 848 ||| FLEEEEING.
   849 | D:2      | 849 ||| FLEEEEING.
   850 | D:2      | 850 ||| FLEEEEING.
   851 | D:2      | 851 ||| FLEEEEING.
   852 | D:2      | 852 ||| FLEEEEING.
   853 | D:2      | 853 ||| FLEEEEING.
   995 | D:2      | Reached skill level 4 in Ranged Weapons
  1055 | D:2      | Reached skill level 1 in Armour
  1183 | D:2      | 1183 ||| FLEEEEING.
  1184 | D:2      | 1184 ||| FLEEEEING.
  1185 | D:2      | 1185 ||| FLEEEEING.
  1218 | D:2      | Reached XP level 4. HP: 36/36 MP: 4/4
  1550 | D:2      | Identified the +9 sling of a Hundred Priests {freeze,
                  | Int+3}
  1552 | D:2      | 1552 ||| SWAPPING to +9 sling of a Hundred Priests {freeze,
                  | Int+3}.
  1553 | D:2      | 1553 ||| DROPPING +1 sling.
  1563 | D:2      | 1563 ||| UPGRADING to +0 cloak.
  1568 | D:2      | 1568 ||| UPGRADING to +0 pair of gloves.
  1573 | D:2      | 1573 ||| READING scroll labelled NOACONOLUO.
  1574 | D:2      | 1574 ||| DRINKING 2 ruby potions.
  1575 | D:2      | 1575 ||| DRINKING 2 metallic white potions.
  1575 | D:2      | Gained mutation: You are covered in fur. (AC +1) [potion of
                  | mutation]
  1575 | D:2      | Gained mutation: You have a pair of large horns on your
                  | head. [potion of mutation]
  1575 | D:2      | Gained mutation: You possess an exceptional clarity of
                  | mind. [potion of mutation]
  1576 | D:2      | 1576 ||| DRINKING 2 amethyst potions.
  1577 | D:2      | 1577 ||| DROPPING potion of attraction.
  1816 | D:3      | Identified the +0 ring mail "Efatab" {+Inv Regen+}
  2090 | D:3      | Noticed Ijyb
  2098 | D:3      | Killed Ijyb
  2099 | D:3      | Reached skill level 5 in Ranged Weapons
  2101 | D:3      | 2101 ||| FLEEEEING.
  2102 | D:3      | 2102 ||| FLEEEEING.
  2103 | D:3      | 2103 ||| STAIRDANCE
  2127 | D:2      | 2127 ||| UPGRADING to +0 ring mail "Efatab" {+Inv Regen+}.
  2137 | D:2      | 2137 ||| DROPPING +0 ring mail.
  2138 | D:2      | 2138 ||| READING 2 scrolls labelled ZABETS HYAB.
  2139 | D:2      | 2139 ||| DRINKING 2 glowing inky potions.
  2140 | D:2      | 2140 ||| DRINKING 2 lumpy amethyst potions.
  2245 | D:2      | 2245 ||| DROPPING potion of berserk rage.
  2246 | D:2      | 2246 ||| DROPPING scroll of noise.
  2259 | D:3      | Found a stormy altar of Qazlal.
  2311 | D:3      | Found a runed translucent door.
  2312 | D:3      | Noticed Crazy Yiuf
  2573 | D:3      | 2573 ||| READING scroll labelled OMMIDD ATAANUP.
  2672 | D:4      | Reached XP level 5. HP: 44/44 MP: 5/5
  2707 | D:4      | Reached skill level 3 in Fighting
  2800 | D:4      | Noticed Robin
  2813 | D:4      | Killed Robin
  2840 | D:4      | Reached skill level 6 in Ranged Weapons
  2857 | D:4      | Reached XP level 6. HP: 52/52 MP: 6/6
  2892 | D:4      | Found a white marble altar of Elyvilon.
  2894 | D:4      | Found a blossoming altar of Fedhas.
  3102 | D:4      | 3102 ||| UPGRADING to scarf of resistance.
  3112 | D:4      | 3112 ||| UPGRADING to ring of protection from cold.
  3113 | D:4      | 3113 ||| DROPPING +6 ring of intelligence.
  3114 | D:4      | 3114 ||| READING scroll labelled AHES BIMOYDO.
  3115 | D:4      | 3115 ||| READING scroll labelled WIARHAEWUWK.
  3120 | D:4      | 3120 ||| READING 3 scrolls of identify.
  3120 | D:4      | 3120 ||| IDENTIFYING puce potion
  3121 | D:4      | 3121 ||| READING 2 scrolls of identify.
  3121 | D:4      | 3121 ||| IDENTIFYING sapphire potion
  3122 | D:4      | 3122 ||| DROPPING potion of brilliance.
  3123 | D:4      | 3123 ||| DROPPING potion of magic.
  3148 | D:5      | Entered Level 5 of the Dungeon
  3182 | D:5      | 3182 ||| STAIRDANCE
  3345 | D:5      | Found a staircase to the Ecumenical Temple.
  3346 | D:5      | 3346 ||| PLANNING TEMPLE
  3346 | D:5      | 3346 ||| UPGRADING to ring of protection from fire.
  3359 | Temple   | Entered the Ecumenical Temple
  3562 | Temple   | 3562 ||| PLANNING D:1-11
  3591 | D:5      | Found a broken altar of Ashenzari.
  3604 | D:5      | Found a burning altar of Makhleb.
  3604 | D:5      | Found a basalt altar of Yredelemnul.
  3607 | D:5      | Found a sparkling altar of Nemelex Xobeh.
  3694 | D:5      | Reached skill level 7 in Ranged Weapons
  3694 | D:5      | Reached XP level 7. HP: 60/60 MP: 7/7
  3916 | D:5      | Found an iron altar of Okawaru.
  3917 | D:5      | 3917 ||| PLANNING OKAWARU WORSHIP
  3917 | D:5      | 3917 ||| READING scroll labelled NOEFFASUFA.
  3922 | D:5      | Became a worshipper of Warmaster Okawaru
  3923 | D:5      | 3923 ||| PLANNING D:1-11
  3995 | D:5      | Reached skill level 8 in Ranged Weapons
  4517 | D:6      | Reached skill level 3 in Armour
  4538 | D:6      | 4538 ||| FLEEEEING.
  4559 | D:6      | 4559 ||| FLEEEEING.
  4591 | D:6      | Reached * piety under Okawaru
  4684 | D:6      | Noticed Eustachio
  4685 | D:6      | 4685 ||| INVOKING Heroism.
  4691 | D:6      | Killed Eustachio
  4692 | D:6      | Reached skill level 9 in Ranged Weapons
  4692 | D:6      | Reached XP level 8. HP: 68/68 MP: 5/8
  4761 | D:6      | Noticed Pikel
  4762 | D:6      | 4762 ||| INVOKING Heroism.
  4771 | D:6      | Killed Pikel
  4772 | D:6      | Reached skill level 3 in Invocations
  4869 | D:6      | Reached ** piety under Okawaru
  4906 | D:6      | Found a transporter.
  4918 | D:6      | Noticed qw's ghost (novice MiHs)
  4933 | D:6      | Found a transporter.
  4946 | D:6      | 4946 ||| INVOKING Heroism.
  5037 | D:6      | Noticed Duvessa
  5038 | D:6      | 5038 ||| INVOKING Heroism.
  5040 | D:6      | Noticed Dowan
  5042 | D:6      | Killed Duvessa
  5043 | D:6      | Reached skill level 6 in Fighting
  5046 | D:6      | Killed Dowan
  5218 | D:6      | 5218 ||| READING 3 scrolls of identify.
  5218 | D:6      | 5218 ||| IDENTIFYING white potion
  5219 | D:6      | 5219 ||| DROPPING potion of invisibility.
  5371 | D:7      | 5371 ||| INVOKING Heroism.
  5377 | D:7      | Reached XP level 9. HP: 74/75 MP: 8/11
  5419 | D:7      | Reached skill level 10 in Ranged Weapons
  5574 | D:7      | Noticed Maggie
  5583 | D:7      | Killed Maggie
  5733 | D:7      | 5733 ||| INVOKING Heroism.
  5815 | D:7      | 5815 ||| Stepping ~*~*~tactically~*~*~ (outnumbered).
  5817 | D:7      | Reached skill level 11 in Ranged Weapons
  5908 | D:7      | Reached *** piety under Okawaru
  5977 | D:7      | 5977 ||| INVOKING Heroism.
  6172 | D:7      | 6172 ||| READING scroll of enchant armour.
  6172 | D:7      | 6172 ||| ENCHANTING +0 pair of gloves.
  6400 | D:7      | 6400 ||| UPGRADING to +1 ring mail of poison resistance.
  6410 | D:7      | 6410 ||| UPGRADING to +0 swamp dragon scales.
  6420 | D:7      | 6420 ||| DROPPING +1 ring mail of poison resistance.
  6421 | D:7      | 6421 ||| READING scroll labelled GOTSIBLEACI.
  6422 | D:7      | 6422 ||| READING scroll labelled DUAXOY ROYD.
  6423 | D:7      | 6423 ||| READING 2 scrolls labelled NITATZ SINAQIUGET.
  6424 | D:7      | 6424 ||| READING 3 scrolls of identify.
  6424 | D:7      | 6424 ||| IDENTIFYING bubbling puce potion
  6425 | D:7      | 6425 ||| DROPPING potion of lignification.
  6426 | D:7      | 6426 ||| DROPPING scroll of fog.
  6457 | D:8      | 6457 ||| INVOKING Heroism.
  6515 | D:8      | Reached skill level 12 in Ranged Weapons
  6560 | D:8      | 6560 ||| INVOKING Heroism.
  6566 | D:8      | Reached XP level 10. HP: 85/88 MP: 9/12
  6595 | D:8      | 6595 ||| INVOKING Heroism.
  6616 | D:8      | 6616 ||| INVOKING Heroism.
  6677 | D:8      | 6677 ||| INVOKING Heroism.
  7062 | D:8      | 7062 ||| DRINKING 2 purple potions.
  7069 | D:8      | 7069 ||| DROPPING potion of ambrosia.
  7465 | D:9      | Reached skill level 13 in Ranged Weapons
  7623 | D:9      | 7623 ||| INVOKING Heroism.
  7743 | D:9      | 7743 ||| READING 4 scrolls of identify.
  7743 | D:9      | 7743 ||| IDENTIFYING fuming orange potion
  7744 | D:9      | 7744 ||| READING 3 scrolls of identify.
  7744 | D:9      | 7744 ||| IDENTIFYING dark potion
  7765 | D:10     | Entered Level 10 of the Dungeon
  7771 | D:10     | Noticed a two-headed ogre
  7772 | D:10     | 7772 ||| INVOKING Heroism.
  7777 | D:10     | Killed a two-headed ogre
  7778 | D:10     | Reached skill level 9 in Fighting
  7800 | D:10     | 7800 ||| INVOKING Heroism.
  7885 | D:10     | 7885 ||| INVOKING Heroism.
  7999 | D:10     | 7999 ||| INVOKING Heroism.
  8050 | D:10     | Reached **** piety under Okawaru
  8082 | D:10     | Found a hazy altar of Hepliaklqana.
  8154 | D:10     | Noticed qw's ghost (journeyman GrHs)
  8156 | D:10     | Found a transporter.
  8175 | D:10     | 8175 ||| Stepping ~*~*~tactically~*~*~ (outnumbered).
  8176 | D:10     | 8176 ||| Stepping ~*~*~tactically~*~*~ (outnumbered).
  8178 | D:10     | 8178 ||| Stepping ~*~*~tactically~*~*~ (outnumbered).
  8180 | D:10     | 8180 ||| Stepping ~*~*~tactically~*~*~ (outnumbered).
  8306 | D:10     | Found a transporter.
  8326 | D:10     | Received a gift from Okawaru
  8414 | D:10     | Found a flagged portal.
  8415 | D:10     | 8415 ||| Stepping ~*~*~tactically~*~*~ (outnumbered).
  8421 | D:10     | 8421 ||| Stepping ~*~*~tactically~*~*~ (outnumbered).
  8423 | D:10     | 8423 ||| Stepping ~*~*~tactically~*~*~ (outnumbered).
  8689 | D:11     | Upgraded the game from 0.31-a0-271-gb88eb75e06 to
                  | 0.31-a0-596-g831eee08f1
  8689 | D:11     | 8689 ||| PLANNING D:1-11
  8695 | D:11     | Reached XP level 11. HP: 99/99 MP: 13/13
  8741 | D:11     | Found a staircase to the Lair.
  8788 | D:11     | 8788 ||| SWAPPING to +0 orcbow.
  8789 | D:11     | 8789 ||| DROPPING +9 sling of a Hundred Priests {freeze,
                  | Int+3}.
  8853 | D:11     | 8853 ||| Stepping ~*~*~tactically~*~*~ (outnumbered).
  8865 | D:11     | 8865 ||| INVOKING Heroism.
  9090 | D:11     | Reached skill level 14 in Ranged Weapons
  9354 | D:11     | 9354 ||| PLANNING LAIR
  9381 | Lair:1   | Entered Level 1 of the Lair of Beasts
  9404 | Lair:1   | 9404 ||| INVOKING Heroism.
  9516 | Lair:1   | Reached skill level 6 in Dodging
  9518 | Lair:1   | 9518 ||| INVOKING Heroism.
  9537 | Lair:1   | Reached skill level 6 in Invocations
  9759 | Lair:1   | 9759 ||| INVOKING Heroism.
  9834 | Lair:1   | 9834 ||| INVOKING Heroism.
 10251 | Lair:1   | 10251 ||| INVOKING Heroism.
 10327 | Lair:1   | 10327 ||| INVOKING Heroism.
 10374 | Lair:1   | 10374 ||| INVOKING Heroism.
 10491 | Lair:1   | 10491 ||| INVOKING Heroism.
 10509 | Lair:1   | 10509 ||| READING 4 scrolls of identify.
 10509 | Lair:1   | 10509 ||| IDENTIFYING sedimented grey potion
 10512 | Lair:1   | HP: 20/99 [polar bear (19)]
 10513 | Lair:1   | 10513 ||| READING 5 scrolls of teleportation.
 10514 | Lair:1   | 10514 ||| DRINKING 2 potions of heal wounds.
 10515 | Lair:1   | 10515 ||| DRINKING potion of heal wounds.
 10701 | Lair:1   | 10701 ||| INVOKING Heroism.
 10784 | Lair:1   | Identified the +7 spear "Sodong" {freeze, Dex+3}
 11087 | Lair:2   | 11087 ||| INVOKING Heroism.
 11106 | Lair:2   | Reached skill level 15 in Ranged Weapons
 11110 | Lair:2   | Upgraded the game from 0.31-a0-596-g831eee08f1 to
                  | 0.31-a0-625-gc9c7e45f3f
 11110 | Lair:2   | 11110 ||| PLANNING LAIR
 11346 | Lair:2   | 11346 ||| DRINKING potion of cancellation.
 11625 | Lair:2   | 11625 ||| INVOKING Heroism.
 11635 | Lair:2   | Reached skill level 6 in Armour
 11692 | Lair:2   | 11692 ||| INVOKING Heroism.
 12042 | Lair:2   | 12042 ||| INVOKING Heroism.
 12136 | Lair:2   | Found a staircase to the Shoals.
 12137 | Lair:2   | 12137 ||| INVOKING Heroism.
 12443 | Lair:3   | 12443 ||| INVOKING Heroism.
 12480 | Lair:3   | 12480 ||| INVOKING Heroism.
 12483 | Lair:3   | Noticed a death yak
 12495 | Lair:3   | HP: 15/99 [death yak[a torpor snail] (15)]
 12496 | Lair:3   | 12496 ||| READING 4 scrolls of teleportation.
 12500 | Lair:3   | Upgraded the game from 0.31-a0-625-gc9c7e45f3f to
                  | 0.31-a0-627-gd65175cf8b
 12500 | Lair:3   | 12500 ||| PLANNING LAIR
 12500 | Lair:3   | 12500 ||| PLANNING LAIR
 12500 | Lair:3   | 12500 ||| PLANNING LAIR
 12500 | Lair:3   | 12500 ||| READING 3 scrolls of teleportation.
 12501 | Lair:3   | 12501 ||| Stepping ~*~*~tactically~*~*~ (retreating).
 12502 | Lair:3   | 12502 ||| Stepping ~*~*~tactically~*~*~ (retreating).
 12502 | Lair:3   | HP: 11/99 [yak (7)]
 12503 | Lair:3   | 12503 ||| Stepping ~*~*~tactically~*~*~ (retreating).
 12504 | Lair:3   | 12504 ||| Stepping ~*~*~tactically~*~*~ (retreating).
 12508 | Lair:3   | 12508 ||| FLEEEEING.
 12509 | Lair:3   | 12509 ||| FLEEEEING.
 12510 | Lair:3   | 12510 ||| FLEEEEING.
 12511 | Lair:3   | 12511 ||| STAIRDANCE
 12759 | Lair:3   | 12759 ||| INVOKING Heroism.
 12766 | Lair:3   | Reached XP level 12. HP: 87/106 MP: 13/16
 12803 | Lair:3   | 12803 ||| FLEEEEING.
 12804 | Lair:3   | 12804 ||| FLEEEEING.
 12805 | Lair:3   | 12805 ||| FLEEEEING.
 12807 | Lair:3   | 12807 ||| FLEEEEING.
 12808 | Lair:3   | 12808 ||| FLEEEEING.
 12809 | Lair:3   | 12809 ||| INVOKING Heroism.
 12815 | Lair:3   | 12815 ||| RETREATING.
 12817 | Lair:3   | 12817 ||| Stepping ~*~*~tactically~*~*~ (retreating).
 12818 | Lair:3   | 12818 ||| Stepping ~*~*~tactically~*~*~ (retreating).
 12830 | Lair:3   | Reached skill level 16 in Ranged Weapons
 12928 | Lair:3   | 12928 ||| INVOKING Heroism.
 12929 | Lair:3   | 12929 ||| RETREATING.
 12930 | Lair:3   | 12930 ||| Stepping ~*~*~tactically~*~*~ (retreating).
 12931 | Lair:3   | 12931 ||| Stepping ~*~*~tactically~*~*~ (retreating).
 12940 | Lair:3   | 12940 ||| Stepping ~*~*~tactically~*~*~ (retreating).
 12946 | Lair:3   | 12946 ||| INVOKING Heroism.
 12949 | Lair:3   | HP: 18/107 [death yak[a torpor snail] (19)]
 12950 | Lair:3   | 12950 ||| READING 2 scrolls of teleportation.
 12950 | Lair:3   | HP: 3/107 [death yak[a torpor snail] (11)]
 13435 | Lair:3   | 13435 ||| INVOKING Heroism.
 13696 | Lair:3   | Found an iron altar of Okawaru.
 13728 | Lair:3   | 13728 ||| Stepping ~*~*~tactically~*~*~ (retreating).
 13732 | Lair:3   | 13732 ||| Stepping ~*~*~tactically~*~*~ (retreating).
 13738 | Lair:3   | 13738 ||| Stepping ~*~*~tactically~*~*~ (retreating).
 13740 | Lair:3   | 13740 ||| Stepping ~*~*~tactically~*~*~ (retreating).
 13741 | Lair:3   | 13741 ||| Stepping ~*~*~tactically~*~*~ (retreating).
 13742 | Lair:3   | 13742 ||| Stepping ~*~*~tactically~*~*~ (retreating).
 13743 | Lair:3   | 13743 ||| INVOKING Heroism.
 13752 | Lair:3   | HP: 15/110 [cane toad (17)]
 13753 | Lair:3   | 13753 ||| READING scroll of teleportation.
 13755 | Lair:3   | Slain by a yak

Levels and vault maps discovered:
D:1:      matt_arrival_debris, layout_loops_cross, hangedman_decor_opposing
D:2:      layout_basic, minmay_tetromino_l2
D:3:      layout_basic, amcnicky_altar_gilded, uniq_crazy_yiuf_cottage,
          uniq_ijyb
D:4:      layout_basic, nicolae_overflow_hidden_temple, uniq_robin
D:5:      layout_layer_cave, minitemple,
          hellmonk_okawaru_the_only_friend_you_need,
          minmay_temple_entry_large_hall, hex_tiny
D:6:      layout_loops_ring, gammafunk_ghost_stat_death, nicolae_water_bricks,
          uniq_duvessa, uniq_eustachio, uniq_pikel
D:7:      layout_basic, serial_curves, eino_curves_03, eino_curves_02,
          eino_curves_01, uniq_maggie
D:8:      layout_rooms
D:9:      layout_roguey, minmay_misc_feat_cross, moated_statue, minivault_1
D:10:     layout_irregular_city, mainiacjoe_overflow_small_starburst,
          enter_bailey_5, gammafunk_ghost_hive
D:11:     layout_long_grid, lair_entry_dummy
Temple:   nicolae_temple_figure_eight
Lair:1:   layout_small_grid, grunt_megastairs_2
Lair:2:   layout_gridlike, minmay_shoals_entry_hut, serial_bayou_shore_b
Lair:3:   layout_misc_corridors, nicolae_snake_entry_warm_welcome, basic_altar,
          serial_forest, infiniplex_forest_clump_small,
          infiniplex_forest_lined_4_way, infiniplex_forest_clump_double,
          infiniplex_forest_lined_ring, infiniplex_forest_lined_3_way,
          infiniplex_forest_straight_4, infiniplex_forest_clump_curved,
          infiniplex_forest_clump_tiny, infiniplex_forest_lined_room_,
          infiniplex_forest_clump_cross, nicolae_lair_grove_arrangements

Skill      XL: |  1  2  3  4  5  6  7  8  9 10 11 12 |
---------------+-------------------------------------+-----
Ranged Weapons | 3 4 5 6 7 9 12 13 15 16 | 16.0
Fighting       | 2 3 4 5 6 7 9 10 11 | 11.0
Armour         | 1 3 4 5 6 |  6.0
Dodging        | 4 5 6 |  6.3
Invocations    | 4 7 |  7.5
Spellcasting   | |  1.0
Hexes          | |  2.0

Action                     |  1- 3 |  4- 6 |  7- 9 | 10-12 || total
---------------------------+-------+-------+-------+-------++-------
   Fire: Sling             |   148 |   132 |   185 |   225 ||   690
         Orcbow            |       |       |       |   474 ||   474
 Invoke: Heroism           |       |       |     9 |    31 ||    40
    Use: Scroll            |     4 |     7 |     7 |     8 ||    26
         Potion            |     1 |     5 |       |     4 ||    10
 Armour: Robe              |     4 |       |       |       ||     4
         Ring mail         |    21 |    31 |    17 |       ||    69
         Swamp dragon scal |       |       |     2 |   149 ||   151
  Dodge: Dodged            |    45 |    32 |    34 |   306 ||   417

Table legend:
 A = Non-vault XP
 B = Vault XP
 C = Vault XP percentage of total XP
 D = Non-vault monster count
 E = Vault monster count
 F = Vault count percentage of total count
                 A         B        C        D         E       F
            +---------+---------+-------+---------+---------+-------
      Total |   23348 |    2250 |   8.8 |     283 |      29 |   9.3
            +---------+---------+-------+---------+---------+-------
        D:1 |      40 |       0 |   0.0 |      23 |       0 |   0.0
        D:2 |      63 |       3 |   4.5 |      28 |       2 |   6.7
        D:3 |      49 |      36 |  42.4 |      21 |       1 |   4.5
        D:4 |     330 |      36 |   9.8 |      20 |      12 |  37.5
        D:5 |     472 |       0 |   0.0 |      16 |       0 |   0.0
        D:6 |     561 |    1007 |  64.2 |      15 |       4 |  21.1
        D:7 |    1535 |     376 |  19.7 |      25 |       1 |   3.8
        D:8 |    1760 |       0 |   0.0 |      25 |       0 |   0.0
        D:9 |    1789 |       0 |   0.0 |      15 |       0 |   0.0
       D:10 |    2471 |       8 |   0.3 |      27 |       4 |  12.9
       D:11 |    1706 |       0 |   0.0 |      12 |       0 |   0.0
     Lair:1 |    5766 |     528 |   8.4 |      26 |       4 |  13.3
     Lair:2 |    1528 |     256 |  14.3 |       6 |       1 |  14.3
     Lair:3 |    5278 |       0 |   0.0 |      24 |       0 |   0.0
            +---------+---------+-------+---------+---------+-------
